 Seeded DCSS version 0.32-a0-913-g739538afd8 (webtiles) character file.

Game seed: 17073724502869601980 (custom seed)

21908 timneilson the Thaumaturge (level 12, -1/68 HPs)
             Began as a Deep Elf Conjurer on Apr 9, 2024.
             Was an Initiate of Gozag.
             Slain by a seven-headed hydra (4 damage)
             ... on level 3 of the Lair of Beasts.
             The game lasted 01:09:41 (16408 turns).

timneilson the Thaumaturge (Deep Elf Conjurer)     Turns: 16408, Time: 01:09:41

Health: -1/68      AC:  8    Str:  4    XL:     12   Next: 58%
Magic:  39/39      EV: 18    Int: 35    God:    Gozag
Gold:   2157       SH:  5    Dex: 19    Spells: 18/35 levels left

rFire   x . .        J - +4 dagger
rCold   . . .        (no shield)
rNeg    + + .        a - +1 robe
rPois   +            j - +2 hat
rElec   .            O - +0 cloak {rCorr}
rCorr   +            m - +1 pair of gloves of Supple Strength {Regen+ Dex+3 Slay+3}
SInv    .            (no boots)
Will    +....        y - amulet of Ephemeral Luck {Reflect rPois rF- rN++ Dex+3 Slay+3 SH+5}
Stlth   ++++         G - +6 ring of intelligence
HPRegen 1.11/turn    C - ring of magical power
MPRegen 0.26/turn

%: reflection
@: studying Earth Magic
A: no striking features
a: Renounce Religion, Potion Petition, Call Merchant, Bribe Branch


You were on level 3 of the Lair of Beasts.
You worshipped Gozag.
Gozag was most pleased with you.
You visited 3 branches of the dungeon, and saw 15 of its levels.

You collected 3048 gold pieces.
You spent 826 gold pieces at shops.
You paid 65 gold pieces to Gozag.

Inventory:

Hand Weapons
 f - a +0 dagger of flaming
 J - a +4 dagger (weapon)
Missiles
 s - 29 poisoned darts
 v - 2 throwing nets
 E - a curare-tipped dart
Armour
 a - a +1 robe (worn)
 j - a +2 hat (worn)
 m - the +1 pair of gloves of Supple Strength (worn) {Regen+ Dex+3 Slay+3}
   (You acquired it on level 4 of the Dungeon)

   Dex+3:     It affects your dexterity (+3).
   Slay+3:    It affects your accuracy & damage with ranged weapons and melee
   (+3).
   Regen+:    It increases your rate of health regeneration.
 O - a +0 cloak of preservation (worn)
Jewellery
 l - a ring of see invisible
 q - a ring of resist corrosion
 y - the amulet of Ephemeral Luck (around neck) {Reflect rPois rF- rN++ Dex+3 Slay+3 SH+5}
   (You bought it in a shop on level 8 of the Dungeon)

   [amulet of reflection]

   Reflect:   It reflects blocked missile attacks.
   Dex+3:     It affects your dexterity (+3).
   Slay+3:    It affects your accuracy & damage with ranged weapons and melee
   (+3).
   rF-:       It makes you vulnerable to fire.
   rPois:     It protects you from poison.
   rN++:      It greatly protects you from negative energy.
   SH+5:      It affects your SH (+5).
 C - a ring of magical power (right hand)
 G - a +6 ring of intelligence (left hand)
Wands
 g - a wand of roots (21)
 w - a wand of digging (5)
 A - a wand of flame (23)
 B - a wand of mindburst (8)
 D - a wand of quicksilver (10)
Scrolls
 o - 2 scrolls of amnesia
 u - 2 scrolls of teleportation
 F - a scroll of immolation
 H - a scroll of brand weapon
 L - a scroll of poison
 M - a scroll of revelation
 N - a scroll of enchant weapon {unknown}
Potions
 b - a potion of magic
 c - 2 potions of lignification
 d - 4 potions of haste {unknown}
 e - a potion of mutation
 h - 4 potions of curing
 i - 2 potions of might
 k - 2 potions of berserk rage
 n - 2 potions of brilliance
 r - 3 potions of ambrosia
 t - 3 potions of heal wounds
 x - 3 potions of attraction
 z - a potion of enlightenment {unknown}
 I - a potion of cancellation {unknown}
Miscellaneous
 K - a lightning rod (4/4)


   Skills:
 + Level 5.3 Fighting
 + Level 5.2 Armour
 * Level 10.9 Dodging
 + Level 8.8 Stealth
 * Level 12.0 Spellcasting
 * Level 10.6 Conjurations
 - Level 5.0 Translocations
 + Level 4.1 Air Magic
 - Level 5.0 Alchemy
 + Level 6.4 Evocations


You had 18 spell levels left.
You knew the following spells:

 Your Spells              Type           Power      Damage    Failure   Level
a - Magic Dart            Conj           100%       1d8       1%          1
b - Searing Ray           Conj           100%       2d8       1%          2
c - Fulminant Prism       Conj/Alch      33%        3d15      1%          4
d - Iskenderun's Mystic   Conj/Tloc      66%        2d14      (+2d71%     4
e - Conjure Ball Lightni  Conj/Air       32%        3x3d10    16%         6

Your spell library contained the following spells:

 Spells                   Type           Power      Damage    Failure   Level
 Sting                    Conj/Alch      100%       1d9       1%          1
 Mercury Vapours          Alch/Air       100%       N/A       1%          2
 Volatile Blastmotes      Fire/Tloc      76%        2d16      2%          3
 Olgreb's Toxic Radiance  Alch           54%        N/A       2%          4
 Summon Ice Beast         Ice/Summ       21%        N/A       6%          3
 Summon Mana Viper        Hex/Summ       21%        N/A       50%         5
 Monstrous Menagerie      Summ           10%        N/A       100%        7
 Discord                  Hex            10%        N/A       100%        8
 Disjunction              Tloc           27%        N/A       100%        8


Dungeon Overview and Level Annotations

Branches:
Dungeon (11/15)            Temple (1/1) D:5            Lair (3/5) D:9
 Spider (0/4) Lair:2
  Swamp: Lair:2-3    Shoals: Lair:2-3       Orc: D:9-12

Altars:
Ashenzari
Cheibriados
Dithmenos
Elyvilon
Fedhas
Gozag
Hepliaklqana
Kikubaaqudgha
Makhleb
Nemelex Xobeh
Okawaru
Qazlal
Ru
Sif Muna
Trog
Uskayaw
Vehumet
Wu Jian
Xom
Yredelemnul
Zin
The Shining One

Shops:
D:8 =


Message History

The seven-headed hydra completely misses you.
The seven-headed hydra closely misses you.
The seven-headed hydra misses you. x2; The seven-headed hydra bites you!
As you read the scroll of fear, it crumbles to dust.
You assume a fearsome visage.
The eight-headed hydra looks frightened!
The seven-headed hydra looks frightened!
The swamp worm looks frightened! x3; The tyrant leech looks frightened!
The bullfrog looks frightened!
The yak looks frightened! x2
The sentinel's mark upon you fades away.
A yak comes into view.
Cornered, the bullfrog turns to fight!
The yak gores something!!
The yak gores you.
A yak comes into view.
The seven-headed hydra seems to regain its courage.
A yak comes into view.
The seven-headed hydra completely misses you.
You block the seven-headed hydra's attack.
The seven-headed hydra closely misses you.
The seven-headed hydra bites you but does no damage.
The seven-headed hydra misses you.
The seven-headed hydra bites you but does no damage. x2
The yak attacks as it pursues you! The yak closely misses you.
The seven-headed hydra closely misses you.
The seven-headed hydra barely misses you.
The seven-headed hydra closely misses you.
You block the seven-headed hydra's attack.
The seven-headed hydra bites you. x3
The yak attacks as it pursues you! The yak closely misses you.
The seven-headed hydra bites you.
The seven-headed hydra barely misses you.
The seven-headed hydra bites you but does no damage.
The seven-headed hydra bites you!
* * * LOW HITPOINT WARNING * * *
The seven-headed hydra bites you!
* * * LOW HITPOINT WARNING * * *
The seven-headed hydra closely misses you.
The seven-headed hydra bites you.
You die...
Your body crumbles into a pile of gold. ..## #.. #..... .YP

#..# ##.... #Y##### ##..#####
##..... #######..... ##.Y#.#..#
#......
.##...#.#.####........#####.##.P.
...........##.........##P.'.#....
..>..........#........#..P#.##..^
.............+.Y......+.###.#....
..........w....D@<.....####.#....
...........P..##+#.#.### #....#..
.............## ..##♣# ##.+#.##
...w..♣....♣♣♣ #♣. ##..#.#
###.P♣♣♣.♣♣♣ ♣♣ #...### #.wP♣ ♣♣♣
#..#.# #.D.P ##..## ##.(.. ##..##
##♣♣~. # #...#


You could see a seven-headed hydra, 2 yaks and a swamp worm.

Vanquished Creatures
  A catoblepas (Lair:2)
  A centaur warrior (D:9)
  3 two-headed ogres
  A demonic crawler (Lair:1)
  A skeletal warrior (D:9)
  Joseph (D:8)
  2 black mambas
  A torpor snail (Lair:1)
  3 cane toads
  A kobold demonologist (D:11)
  4 komodo dragons
  2 rime drakes
  A hornet (D:10)
  A troll (D:10)
  2 polar bears
  3 blink frogs (Lair:3)
  4 dream sheep
  A meliai zombie (D:11)
  2 wraiths (D:10)
  5 wyverns
  2 vampires
  A shadow (D:10)
  26 yaks
  3 steam dragons (D:9)
  A vampire mosquito (D:11)
  An acid dragon (D:10)
  10 water moccasins
  3 orc warriors
  A black bear (D:6)
  An ogre (D:6)
  3 centaurs
  12 wolves
  2 phantoms (D:5)
  2 kobold brigands
  9 bullfrogs
  3 gnoll sergeants
  3 scorpions
  8 wights
  3 killer bees (D:7)
  8 howler monkeys
  An electric eel (D:11)
  4 hounds
  9 orc priests
  2 gnoll boudas
  2 sleepcaps
  3 iguanas
  8 orc wizards
  24 gnolls
  11 adders
  A shadow imp (D:8)
  A white imp (D:7)
  2 ufetubi (D:6)
  3 ribbon worms
  3 dart slugs
  43 orcs
  8 endoplasms
  8 giant cockroaches
  6 goblins
  8 hobgoblins
  11 jackals
  4 quokkas
  3 ball pythons
  11 bats
  7 frilled lizards
  22 kobolds
  5 rats
352 creatures vanquished.

Vanquished Creatures (others)
  25 fulminant prisms
25 creatures vanquished.

Grand Total: 377 creatures vanquished

Notes
Turn   | Place    | Note
-------+----------+-------------------------------------------
     0 | D:1      | timneilson the Deep Elf Conjurer began the quest for the
                  | Orb.
     0 | D:1      | Reached XP level 1. HP: 10/10 MP: 6/6
   337 | D:1      | Identified a scroll of acquirement
   337 | D:1      | Acquired a manual of Earth Magic
   454 | D:1      | Reached XP level 2. HP: 15/15 MP: 5/8
  1030 | D:3      | Learned a level 2 spell: Searing Ray
  1091 | D:3      | Found a faded altar of an unknown god.
  1103 | D:3      | Reached XP level 3. HP: 14/20 MP: 5/9
  1217 | D:4      | Acquired the +1 pair of gloves of Supple Strength {Regen+
                  | Dex+3 Slay+3}
  1570 | D:5      | Entered Level 5 of the Dungeon
  1582 | D:5      | Found a staircase to the Ecumenical Temple.
  1590 | Temple   | Entered the Ecumenical Temple
  1609 | Temple   | Became a worshipper of Gozag Ym Sagoz the Greedy
  1894 | D:2      | Reached XP level 4. HP: 24/24 MP: 5/11
  2336 | D:2      | Reached skill level 1 in Fighting
  2680 | D:2      | Reached skill level 4 in Spellcasting
  3040 | D:3      | Found a radiant altar of Vehumet.
  3633 | D:3      | Learned a level 4 spell: Fulminant Prism
  3638 | D:3      | Learned a level 4 spell: Iskenderun's Mystic Blast
  3767 | D:4      | Reached skill level 1 in Armour
  3854 | D:4      | Reached XP level 5. HP: 29/29 MP: 10/13
  3905 | D:4      | Reached skill level 5 in Conjurations
  4841 | D:5      | Reached XP level 6. HP: 34/34 MP: 10/14
  4890 | D:5      | Reached skill level 1 in Translocations
  4890 | D:5      | Reached skill level 1 in Evocations
  4901 | D:5      | Reached skill level 1 in Alchemy
  5020 | D:5      | Noticed a water moccasin
  5031 | D:5      | Killed a water moccasin
  5032 | D:5      | Reached skill level 5 in Spellcasting
  5032 | D:5      | Reached XP level 7. HP: 35/38 MP: 7/16
  5620 | D:5      | Reached skill level 5 in Dodging
  6276 | D:6      | Reached XP level 8. HP: 37/44 MP: 10/18
  6647 | D:6      | Reached skill level 6 in Spellcasting
  7225 | D:7      | Found an iron altar of Okawaru.
  7267 | D:7      | Found a shimmering blue altar of Sif Muna.
  7804 | D:7      | Found a broken altar of Ashenzari.
  7866 | D:7      | Reached skill level 5 in Stealth
  8066 | D:7      | Reached skill level 7 in Spellcasting
  8092 | D:7      | Reached XP level 9. HP: 41/49 MP: 21/21
  9002 | D:8      | Found Idowidgh's Jewellery Emporium.
  9008 | D:8      | Bought the amulet of Ephemeral Luck {Reflect rPois rF- rN++
                  | Dex+3 Slay+3 SH+5} for 826 gold pieces
  9033 | D:8      | Identified the +5 long sword of Fear {distort, rC+}
  9044 | D:8      | Reached skill level 8 in Spellcasting
  9155 | D:8      | Found a stormy altar of Qazlal.
  9155 | D:8      | Found a bloodstained altar of Trog.
  9156 | D:8      | Found an ornate altar of the Wu Jian Council.
  9273 | D:8      | Noticed Joseph
  9297 | D:8      | Killed Joseph
  9536 | D:8      | Reached XP level 10. HP: 56/56 MP: 24/24
 10152 | D:9      | Noticed a centaur warrior
 10166 | D:9      | Noticed a skeletal warrior
 10168 | D:9      | Killed a centaur warrior
 10302 | D:9      | Killed a skeletal warrior
 10303 | D:9      | Reached skill level 9 in Spellcasting
 10422 | D:9      | Found a staircase to the Lair.
 10707 | D:9      | Noticed a two-headed ogre
 10718 | D:9      | Killed a two-headed ogre
 10719 | D:9      | Reached skill level 5 in Translocations
 10724 | D:9      | Noticed a two-headed ogre
 10738 | D:9      | Killed a two-headed ogre
 10947 | D:9      | Found a glowing silver altar of Zin.
 11460 | D:9      | Learned a level 6 spell: Conjure Ball Lightning
 11483 | D:10     | Entered Level 10 of the Dungeon
 11566 | D:10     | Reached XP level 11. HP: 61/61 MP: 26/26
 11863 | D:10     | Reached skill level 5 in Evocations
 12872 | D:11     | Noticed a boulder beetle
 12877 | D:11     | Reached skill level 10 in Spellcasting
 12877 | D:11     | Reached skill level 1 in Air Magic
 12886 | D:11     | Noticed a two-headed ogre
 13136 | D:11     | Killed a two-headed ogre
 13137 | D:11     | Reached skill level 5 in Alchemy
 13383 | Lair:1   | Entered Level 1 of the Lair of Beasts
 14142 | Lair:1   | Reached skill level 11 in Spellcasting
 14526 | Lair:2   | Noticed a demonic crawler
 14531 | Lair:2   | Reached skill level 10 in Dodging
 14670 | Lair:2   | Reached XP level 12. HP: 64/68 MP: 13/29
 14809 | Lair:1   | Reached skill level 10 in Conjurations
 14860 | Lair:1   | Killed a demonic crawler
 14861 | Lair:1   | Reached skill level 5 in Fighting
 15047 | Lair:2   | Found a hole to the Spider Nest.
 15149 | Lair:2   | Noticed a catoblepas
 15181 | Lair:2   | Killed a catoblepas
 15187 | Lair:2   | Reached skill level 5 in Armour
 16303 | Lair:3   | Reached skill level 12 in Spellcasting
 16391 | Lair:3   | Noticed a seven-headed hydra
 16399 | Lair:3   | Noticed an eight-headed hydra
 16408 | Lair:3   | HP: 3/68 [seven-headed hydra (13)]
 16408 | Lair:3   | Slain by a seven-headed hydra

Illustrated notes

Levels and vault maps discovered:
D:1:      lightli_arrival_windingriver, layout_loops_ring
D:2:      layout_basic, dk_noncrumbling_3
D:3:      layout_loops_corners, mainiacjoe_overflow_boulevard,
          shapermc_ecumenical_altar_gd, minmay_misc_feat_alley, st_stairs_8
D:4:      layout_gridville, lemuel_flame_loot_1
D:5:      layout_basic, minmay_temple_entry_stoned_glass
D:6:      layout_basic, grunt_decor_mini_mirrors
D:7:      layout_loops_cross, mainiacjoe_overflow_six_doors_small,
          lemuel_round_altar, lemuel_blue_sif_altar
D:8:      layout_cave_pools, gammafunk_temple_overflow_claw, serial_shops, shop,
          hangedman_abyss_or_decor_passed, fungi_pond_lemuel, uniq_joseph
D:9:      layout_basic, dpeg_oklobed_lair, minmay_ruined_shrine
D:10:     layout_loops_corners
D:11:     layout_long_grid, serial_undead, serial_undead_d, serial_undead_d,
          serial_undead_d, serial_undead_f, serial_undead_e, serial_undead_f,
          serial_undead_f, uniq_josephine, uniq_grum, uniq_fannar
Temple:   nicolae_temple_superstar
Lair:1:   layout_cave_shapes, lemuel_fruit_tree
Lair:2:   layout_misc_corridors, nicolae_spider_entry_non_spiders, minmay_holes
Lair:3:   layout_roguey, palyth_hydra_swamp_entry

Skill      XL: |  1  2  3  4  5  6  7  8  9 10 11 12 |
---------------+-------------------------------------+-----
Dodging        | 3 4 5 6 7 8 10 | 10.9
Stealth        | 3 4 5 6 7 8 |  8.8
Fighting       | 1 2 3 4 5 |  5.3
Spellcasting   | 4 5 7 8 9 11 12 | 12.0
Armour         | 1 2 3 4 5 |  5.2
Conjurations   | 5 6 7 8 9 10 | 10.6
Translocations | 1 2 3 4 5 |  5.0
Evocations     | 1 2 3 4 5 6 |  6.4
Alchemy        | 1 2 3 4 5 |  5.0
Air Magic      | 3 4 |  4.1

Action                     |  1- 3 |  4- 6 |  7- 9 | 10-12 || total
---------------------------+-------+-------+-------+-------++-------
  Melee: Dagger            |       |    23 |    20 |    16 ||    59
   Cast: Magic Dart        |    77 |    90 |   112 |    95 ||   374
         Searing Ray       |       |    10 |    72 |   102 ||   184
         Fulminant Prism   |       |       |     6 |    19 ||    25
         Iskenderun's Myst |       |       |       |    78 ||    78
  Evoke: Wand              |       |       |       |     1 ||     1
    Use: Scroll            |     4 |     5 |     7 |    11 ||    27
         Potion            |       |       |       |     2 ||     2
   Stab: Sleeping          |       |     1 |       |       ||     1
 Armour: Robe              |     3 |    24 |    69 |   174 ||   270
  Dodge: Dodged            |     2 |    28 |    91 |   175 ||   296
  Block: Other             |       |       |     5 |    55 ||    60
         Reflection        |       |       |     1 |     1 ||     2

Table legend: (Time is in decaauts)
 A = Elapsed time spent in this place.
 B = Non-inter-level travel time spent in this place.
 C = Inter-level travel time spent in this place.
 D = Time resting spent in this place.
 E = Time spent auto-exploring this place.
 F = Levels seen in this place.
 G = Mean time per level.
                   A        B        C        D        E       F      G
               +--------+--------+--------+--------+--------+-----+--------+
         Total |  16446 |  15671 |    775 |   3501 |   7753 |  15 | 1096.4 |
       Dungeon |  13755 |  13052 |    703 |   2792 |   6961 |  11 | 1250.5 |
        Temple |     38 |     20 |     18 |      0 |      0 |   1 |   38.0 |
          Lair |   2651 |   2598 |     53 |    709 |    792 |   3 |  883.7 |
               +--------+--------+--------+--------+--------+-----+--------+

Top non-repeatable levels by time:
    D:10: 1807 daAuts
     D:9: 1709 daAuts
     D:7: 1574 daAuts
     D:8: 1445 daAuts
     D:2: 1339 daAuts
     D:4: 1305 daAuts
     D:6: 1272 daAuts
  Lair:1: 1205 daAuts
     D:3: 1198 daAuts
     D:5: 1137 daAuts
  Lair:2: 929 daAuts
     D:1: 887 daAuts
  Lair:3: 516 daAuts
    D:11: 78 daAuts
  Temple: 38 daAuts
